 Dungeon Crawl Stone Soup version 0.31.0-11-ge490571c62 (webtiles) character file.

Game seed: 4191919466368778013

20 qw the Shooter (level 2, 0/14 HPs)
             Began as a Spriggan Hunter on Feb 4, 2024.
             Succumbed to their own poison gas
             ... on level 1 of the Dungeon.
             The game lasted 00:00:01 (537 turns).

qw the Shooter (Spriggan Hunter)                     Turns: 537, Time: 00:00:02

Health: 0/14       AC:  6    Str:  7    XL:     2   Next: 58%
Magic:  3/3        EV: 19    Int: 10    God:
Gold:   35         SH:  0    Dex: 18    Spells: 1/1 levels left

rFire   . . .        a - +0 shortbow
rCold   + . .        (shield currently unavailable)
rNeg    . . .        c - +0 robe
rPois   .            (helmet restricted)
rElec   .            (no cloak)
rCorr   .            (gloves unavailable)
SInv    +            (boots unavailable)
Will    .....        (no amulet)
Stlth   ++           d - +4 ring of protection
HPRegen 0.22/turn    g - ring of protection from cold
MPRegen 0.08/turn

%: no passive effects
@: lethally poisoned (0 -> -10), very quick
A: very small, no large weapons, unfitting armour, see invisible, speed 3
a: no special abilities


You were on level 1 of the Dungeon.
You visited 1 branch of the dungeon, and saw 1 of its levels.

You collected 35 gold pieces.


Innate Abilities, Weirdness & Mutations

You are very small and have problems with some larger weapons.
You are too small for most types of armour.
You have supernaturally acute eyesight. (SInv)
You cover ground extremely quickly. (Speed+++)


   Skills:
 - Level 1.5 Fighting
 + Level 4.2 Ranged Weapons
 - Level 4.0 Dodging
 - Level 1.5 Stealth


You had one spell level left.
You didn't know any spells.
Your spell library was empty.

Inventory:

Hand Weapons
 a - a +0 shortbow (weapon)
Armour
 c - a +0 robe (worn)
Jewellery
 d - a +4 ring of protection (left hand)
 g - a ring of protection from cold (right hand)

Dungeon Overview and Level Annotations

Branches:
Dungeon (1/15)

Altars:


Message History

529 ||| READING scroll labelled WANYL FATAXE.
Blink to where?
Press: ? - help, Dir - move target, f - you
As you read the scroll labelled WANYL FATAXE, it crumbles to dust.
It was a scroll of blinking.
Done exploring.
530 ||| READING scroll labelled JACEDE YQAE.
As you read the scroll labelled JACEDE YQAE, it crumbles to dust.
You feel momentarily disoriented.
It was a scroll of revelation.
Done exploring.
531 ||| READING scroll labelled YNOYFI GOEF.
The air fills with toxic fumes!
As you read the scroll labelled YNOYFI GOEF, it crumbles to dust.
It was a scroll of poison.
Done exploring.
532 ||| DROPPING scroll of butterflies.
You drop a scroll of butterflies.
Done exploring.
What level of the Dungeon? (default 1, ? - help) Sorry, I don't know how to get there.
Enter note:
Enter note:
Enter note:
Enter note:
Enter note:
Enter note:
Enter note:
Enter note:
Enter note: You are engulfed in poison gas.
You are lethally poisoned!
You feel very sick.
534 ||| Stepping ~*~*~tactically~*~*~ (cloud).
You feel sick.
You see here a scroll of butterflies.
There is a lethal amount of poison in your body!
You feel very sick.
There is a lethal amount of poison in your body!
You feel very sick.
There is a lethal amount of poison in your body!
You die...

#.#### ###.##.8[8.#+#'#.
#....#####.##..8..#.<.#.
####..####¤.#.8.8.#####.
#####.###¤.##...........
#####.###¤#####...}...}.
#####.0¤¤.######|...8...
#######¤¤########.}...}.
#######¤####### ##.....#
#######@####### ###'###
#######00###### #..##
######¤¤¤¤¤#### ##..#
######¤###¤#### ##..
######¤###.##########..#
######¤###.####...#....#
######¤###.#............
######¤###...##..|####..
##..# ######....####.


There were no monsters in sight!

Vanquished Creatures
  A dart slug (D:1)
  2 ball pythons (D:1)
  A bat (D:1)
  3 endoplasms (D:1)
  2 giant cockroaches (D:1)
  A goblin (D:1)
  2 hobgoblins (D:1)
  3 rats (D:1)
15 creatures vanquished.

Notes
Turn   | Place    | Note
-------+----------+-------------------------------------------
     0 | D:1      | qw the Spriggan Hunter began the quest for the Orb.
     0 | D:1      | Reached XP level 1. HP: 10/10 MP: 2/2
     0 | D:1      | 0 ||| qw: Version: 0.3-a-160-g6735b56
     0 | D:1      | 0 ||| qw: Game counter: 5338
     0 | D:1      | 0 ||| qw: Melee chars always use a shield: true
     0 | D:1      | 0 ||| qw: God list: Okawaru
     0 | D:1      | 0 ||| qw: Allow faded altars: false
     0 | D:1      | 0 ||| qw: Do Orc after clearing Dungeon:15 true
     0 | D:1      | 0 ||| qw: Do second Lair branch before Depths: true
     0 | D:1      | 0 ||| qw: Lair rune preference: random
     0 | D:1      | 0 ||| qw: Goals: Normal
     0 | D:1      | 0 ||| PLANNING D:1-11
    34 | D:1      | Reached skill level 3 in Dodging
   172 | D:1      | Reached XP level 2. HP: 14/14 MP: 3/3
   524 | D:1      | 524 ||| UPGRADING to +4 ring of protection.
   525 | D:1      | 525 ||| UPGRADING to ring of protection from cold.
   526 | D:1      | 526 ||| READING scroll labelled PULAAJ WOMEH.
   529 | D:1      | 529 ||| READING scroll labelled WANYL FATAXE.
   530 | D:1      | 530 ||| READING scroll labelled JACEDE YQAE.
   531 | D:1      | 531 ||| READING scroll labelled YNOYFI GOEF.
   532 | D:1      | 532 ||| DROPPING scroll of butterflies.
   534 | D:1      | 534 ||| Stepping ~*~*~tactically~*~*~ (cloud).
   536 | D:1      | HP: 1/14 [poisoned by you (poison gas)]
   537 | D:1      | Succumbed to their own poison gas

Levels and vault maps discovered:
D:1:      ncdulo_halloftheorcs, layout_rooms

Skill      XL: |  1  2 |
---------------+-------+-----
Dodging        | 3 4 |  4.0
Fighting       | |  1.5
Ranged Weapons | |  4.2
Stealth        | |  1.5

Action                     || total
---------------------------++-------
   Fire: Shortbow          ||    47
    Use: Scroll            ||     4
 Armour: Robe              ||     5
  Dodge: Dodged            ||     5

Table legend:
 A = Non-vault XP
 B = Vault XP
 C = Vault XP percentage of total XP
 D = Non-vault monster count
 E = Vault monster count
 F = Vault count percentage of total count
                 A         B        C        D         E       F
            +---------+---------+-------+---------+---------+-------
      Total |      29 |       0 |   0.0 |      15 |       0 |   0.0
            +---------+---------+-------+---------+---------+-------
        D:1 |      29 |       0 |   0.0 |      15 |       0 |   0.0
            +---------+---------+-------+---------+---------+-------
